 Dungeon Crawl Stone Soup version 0.19-a0-1239-gbb8a913 (webtiles) character file.

33335 Elitist the Markself (level 13, -1/86 HPs)
             Began as a High Elf Hunter on Aug 27, 2016.
             Was an Initiate of Gozag.
             Slain by a manticore (2 damage)
             ... on level 14 of the Dungeon.
             The game lasted 01:02:34 (17883 turns).

Elitist the Markself (High Elf Hunter)             Turns: 17883, Time: 01:02:35

Health: -1/86      AC: 15    Str: 11    XL:     13   Next: 36%
Magic:  26/26      EV: 16    Int: 21    God:    Gozag
Gold:   3321       SH:  0    Dex: 19    Spells: 6 memorised, 6 levels left

rFire  . . .     SeeInvis .     a - +7 longbow "Piercer" {penet, EV-2}
rCold  . . .     Gourm    .     O - +4 troll leather armour
rNeg   . . .     Faith    .     (shield currently unavailable)
rPois  .         Spirit   .     u - +2 helmet {Int+3}
rElec  .         Dismiss  .     g - +0 cloak
rCorr  +         Reflect  .     (no gloves)
MR     +....     Harm     .     F - +2 pair of boots {Fly}
Stlth  ++........               c - amulet of regeneration
                                (no ring)
                                x - ring of resist corrosion

@: about to teleport, manticore barbs, gold aura, flying
A: no striking features
a: Potion Petition, Call Merchant, Bribe Branch, Renounce Religion, Stop Flying


You were on level 14 of the Dungeon.
You worshipped Gozag.
Gozag was most pleased with you.
You were very hungry.

You visited 4 branches of the dungeon, and saw 21 of its levels.

You collected 4498 gold pieces.
You spent 321 gold pieces at shops.
You paid 856 gold pieces to Gozag.

Inventory:

Hand Weapons
 a - the +7 longbow "Piercer" (weapon) {penet, EV-2}
   (You acquired it on level 2 of the Lair of Beasts)

   Ammo fired by it will pass through the targets it hits, potentially hitting
   all targets in its path until it reaches maximum range.
   It affects your evasion (-2).
 b - a +2 short sword of draining
Missiles
 d - 213 arrows (quivered)
 R - a throwing net
Armour
 g - a +0 cloak (worn)
 u - a +2 helmet of intelligence (worn)
 F - a +2 pair of boots of flying (worn)
 O - a +4 troll leather armour (worn)
Jewellery
 c - an amulet of regeneration (around neck)
 x - a ring of resist corrosion (left hand)
Wands
 n - a wand of digging (15/24)
 q - a wand of lightning (8/15)
 t - a wand of enslavement (15/24)
 z - a wand of iceblast (6/15)
Scrolls
 i - 4 scrolls of magic mapping
 j - 7 scrolls of remove curse
 l - a scroll of identify
 o - 7 scrolls of teleportation
 r - 4 scrolls of immolation
 C - 2 scrolls of fear
 H - 2 scrolls of blinking
 I - a scroll of noise
Potions
 e - 9 potions of curing
 h - a potion of resistance
 k - 3 potions of cancellation
 m - 2 potions of invisibility
 s - 4 potions of brilliance
 w - 2 potions of flight
 A - 2 potions of lignification
 K - 2 potions of haste
 N - a potion of agility
Comestibles
 f - 8 bread rations
 p - 10 meat rations


   Skills:
 - Level 7.5 Fighting
 - Level 9.3 Short Blades
 * Level 17.7 Bows
 + Level 8.6 Dodging
 - Level 1.1 Stealth
 + Level 8.0 Spellcasting
 - Level 3.3 Conjurations
 - Level 6.8 Hexes
 - Level 7.3 Charms
 - Level 2.0 Necromancy
 - Level 3.3 Fire Magic


You had 6 spell levels left.
You knew the following spells:

 Your Spells              Type           Power        Failure   Level  Hunger
a - Inner Flame           Hex/Fire       ####....     4%          3    None
b - Cause Fear            Hex            #####.....   10%         4    ###....
c - Spectral Weapon       Hex/Chrm       #####...     1%          3    None
d - Regeneration          Chrm/Necr      ####......   6%          3    None
e - Haste                 Chrm           #####...     85%         6    ######.
z - Conjure Flame         Conj/Fire      ###.....     10%         3    None


Dungeon Overview and Level Annotations

Branches:
Dungeon (14/15)            Temple (1/1) D:4            Lair (4/6) D:10
  Swamp (0/4) Lair:4        Snake (0/4) Lair:4          Orc (2/2) D:12
 Vaults (0/5) D:13
    Elf: Orc:2

Altars:
Ashenzari
Cheibriados
Dithmenos
Elyvilon
Fedhas
Gozag
Hepliaklqana
Kikubaaqudgha
Makhleb
Nemelex Xobeh
Okawaru
Qazlal
Ru
Sif Muna
Trog
Uskayaw
Vehumet
Xom
Yredelemnul
Zin
The Shining One

Shops:
D:5 [   D:9 *   D:10 (

Annotations:
Orc:2 Saint Roka


Message History

Firing (i - inventory. (,) - cycle):
d - 214 arrows (quivered)
Press: ? - help, Shift-Dir - straight line, f/p - slime creature
Aim: a slime creature (heavily wounded)
You shoot an arrow.
The arrow pierces through the slime creature but does no damage.
The slime creature is heavily wounded.
The manticore bites you! The manticore misses you. The manticore claws you!
Two slime creatures merge to form a large slime creature.
The slime creature barely misses you.
Unknown command.
As you read the scroll of teleportation, it crumbles to dust.
You feel strangely unstable. The slime creature hits you!
* * * LOW HITPOINT WARNING * * *
The manticore bites you!!
* * * LOW HITPOINT WARNING * * *
The manticore claws you.
* * * LOW HITPOINT WARNING * * *
The manticore claws you.
You die...
Your body crumbles into a pile of gold.

..............(.
................
................
................
................
................
........J.......
.......@J...$.(.
.......HJ.......
...%.........)..
................
................
................
................
###############.


You could see a large slime creature, 2 slime creatures and a manticore.

Vanquished Creatures
  A hydra (Lair:2)
  Erolcha (Orc:2)
  The ghost of worldfamousw the Grappler, a novice TrEn of Kikubaaqudgha (D:11)
  A centaur warrior (D:13)
  An ogre mage (D:13)
  A queen ant (Lair:2)
  2 tengu warriors (D:13)
  2 orc knights (Orc:1)
  2 hill giants
  A wizard (D:4)
  A cyclops (D:13)
  A manticore (D:13)
  2 ugly things
  4 black mambas
  Maurice (D:10)
  6 spiny frogs
  A rime drake (Lair:3)
  3 trolls
  A merfolk (D:11)
  A polar bear (Lair:2)
  Grinder (D:4)
  3 meliai (D:13)
  A blink frog (shapeshifter) (D:13)
  5 two-headed ogres (D:13)
  Prince Ribbit (D:9)
  A slime creature (D:14)
  Sigmund (D:5)
  30 yaks
  A wyvern (D:13)
  A basilisk (D:13)
  5 hippogriffs
  2 hungry ghosts
  3 vampire mosquitoes
  A mottled dragon (D:11)
  2 wargs (Orc:1)
  A naga (Lair:4)
  5 insubstantial wisps (Lair:4)
  Edmund (D:3)
  2 hell hounds (D:10)
  9 soldier ants (Lair:2)
  6 water moccasins
  12 porcupines
  A black bear (D:4)
  3 ice beasts
  A wasp (D:9)
  13 orc warriors
  3 phantoms
  5 sky beasts
  4 ogres
  2 centaurs
  6 crocodiles
  A big kobold (D:11)
  2 wyvern zombies
  10 giant frogs
  A wyvern skeleton (D:7)
  5 scorpions
  A killer bee (D:8)
  6 howler monkeys
  2 jellies
  5 crimson imps
  A quasit (D:6)
  2 giant frog zombies
  4 hounds
  6 orc priests
  3 centaur skeletons
  A giant frog skeleton (D:13)
  7 iguanas
  8 orc wizards
  33 worker ants
  A killer bee zombie (D:9)
  A hound skeleton (D:5)
  A worker ant zombie (D:8)
  6 gnolls (D:7)
  A howler monkey skeleton (D:7)
  42 river rats
  9 adders
  A shadow imp (D:7)
  A worm (D:4)
  2 giant geckos
  63 orcs
  A ball python (D:1)
  4 giant cockroaches
  4 goblins
  10 hobgoblins
  4 jackals
  6 kobolds
  7 quokkas
  2 bats
  A giant gecko skeleton (D:4)
  4 giant newts
  3 rats (D:3)
438 creatures vanquished.

Notes
Turn   | Place    | Note
-------+----------+-------------------------------------------
     0 | D:1      | Elitist the High Elf Hunter began the quest for the Orb.
     0 | D:1      | Reached XP level 1. HP: 14/14 MP: 2/2
   101 | D:1      | Reached skill level 1 in Short Blades
   199 | D:1      | Reached XP level 2. HP: 8/19 MP: 3/3
  1098 | D:2      | Reached skill level 6 in Bows
  1098 | D:2      | Reached XP level 3. HP: 17/24 MP: 4/4
  2245 | D:3      | Reached XP level 4. HP: 30/30 MP: 5/5
  2757 | D:3      | Found a sparkling altar of Nemelex Xobeh.
  2757 | D:3      | Found a blossoming altar of Fedhas.
  2870 | D:3      | Found an iron altar of Okawaru.
  2962 | D:4      | Noticed a black bear
  2965 | D:4      | Noticed Sigmund
  2967 | D:4      | Noticed Edmund
  3129 | D:3      | Killed Edmund
  3129 | D:3      | Reached skill level 7 in Bows
  3129 | D:3      | Reached XP level 5. HP: 25/36 MP: 6/6
  3270 | D:4      | Killed a black bear
  3270 | D:4      | Reached skill level 8 in Bows
  3270 | D:4      | Reached XP level 6. HP: 19/42 MP: 7/7
  3454 | D:4      | Found a staircase to the Ecumenical Temple.
  3559 | D:4      | Noticed Grinder
  3572 | Temple   | Entered the Ecumenical Temple
  3652 | Temple   | Became a worshipper of Gozag Ym Sagoz the Greedy
  3679 | D:4      | Killed Grinder
  3679 | D:4      | Reached skill level 9 in Bows
  3679 | D:4      | Reached XP level 7. HP: 31/48 MP: 8/8
  3752 | D:4      | Found a shadowy altar of Dithmenos.
  3859 | D:4      | Found a bloodstained altar of Trog.
  3862 | D:4      | Noticed a wizard
  3913 | D:4      | Killed a wizard
  3913 | D:4      | Reached skill level 5 in Short Blades
  3913 | D:4      | Reached skill level 10 in Bows
  4009 | D:5      | Entered Level 5 of the Dungeon
  4016 | D:5      | Found Cyhuare's Antique Armour Emporium.
  4057 | D:5      | Reached XP level 8. HP: 38/54 MP: 9/9
  4221 | D:5      | Killed Sigmund
  4221 | D:5      | Reached skill level 5 in Fighting
  4411 | D:5      | Bought a twisted leather armour for 175 gold pieces
  4491 | D:5      | Identified the +4 leather armour "Eneuzy" {*Confuse rN+ rCorr} (You bought it in a shop on level 5 of the Dungeon)
  4933 | D:6      | Reached skill level 11 in Bows
  5721 | D:7      | Reached XP level 9. HP: 60/62 MP: 10/10
  5734 | D:7      | Learned a level 3 spell: Inner Flame
  5768 | D:7      | Reached skill level 12 in Bows
  6297 | D:7      | Reached skill level 13 in Bows
  6669 | D:8      | Reached skill level 5 in Dodging
  6930 | D:8      | Noticed a troll
  7428 | D:8      | Killed a troll
  7428 | D:8      | Reached XP level 10. HP: 56/71 MP: 11/11
  7442 | D:8      | Reached skill level 14 in Bows
  7557 | D:8      | Learned a level 4 spell: Cause Fear
  7798 | D:9      | Reached skill level 1 in Hexes
  8098 | D:9      | Found Oquff's Assorted Antiques.
  8098 | D:9      | You fall through a shaft for 2 floors!
  8102 | D:11     | Noticed worldfamousw's ghost (novice TrEn)
  8159 | D:11     | Killed worldfamousw's ghost
  8441 | D:10     | Entered Level 10 of the Dungeon
  8460 | D:10     | Identified 3 scrolls of acquirement
  8497 | D:10     | Found a staircase to the Lair.
  8554 | Lair:1   | Entered Level 1 of the Lair of Beasts
  8603 | Lair:1   | Noticed a spiny frog
  8620 | Lair:1   | Killed a spiny frog
  8725 | D:10     | Noticed Maurice
  8759 | D:10     | Killed Maurice
  8809 | D:10     | Found Ufelueme's Antique Weapon Emporium.
  8892 | D:10     | Found a sparkling altar of Nemelex Xobeh.
  8978 | D:10     | Noticed a hill giant
  8990 | D:10     | Killed a hill giant
  9257 | D:9      | Bought a scroll labeled FUAN WU UPTA for 23 gold pieces
  9257 | D:9      | Bought a green potion for 20 gold pieces
  9257 | D:9      | Bought a glowing helmet for 103 gold pieces
  9294 | D:9      | Reached skill level 5 in Hexes
  9533 | D:9      | Noticed Prince Ribbit
  9542 | D:9      | Killed Prince Ribbit
 10049 | D:11     | Noticed a green ugly thing
 10052 | D:11     | Noticed a red ugly thing
 10089 | D:10     | Killed a green ugly thing
 10089 | D:10     | Reached XP level 11. HP: 65/75 MP: 18/18
 10808 | D:11     | Killed a red ugly thing
 10917 | D:12     | Found a staircase to the Orcish Mines.
 11212 | D:12     | Noticed a hill giant
 11259 | D:12     | Killed a hill giant
 11259 | D:12     | Reached skill level 5 in Spellcasting
 11744 | D:12     | Learned a level 3 spell: Spectral Weapon
 11748 | D:12     | Learned a level 3 spell: Regeneration
 11859 | D:11     | Reached skill level 1 in Charms
 11930 | Lair:1   | Learned a level 6 spell: Haste
 12079 | Lair:1   | Reached skill level 1 in Necromancy
 12418 | Lair:2   | Noticed a five-headed hydra
 12443 | Lair:2   | Killed a five-headed hydra
 12733 | Lair:2   | Reached XP level 12. HP: 75/81 MP: 23/23
 13314 | Lair:2   | Reached skill level 5 in Charms
 13492 | Lair:2   | Noticed a queen ant
 13507 | Lair:2   | Killed a queen ant
 13507 | Lair:2   | Reached skill level 15 in Bows
 14766 | Lair:4   | Reached skill level 16 in Bows
 14767 | Lair:4   | Found a staircase to the Swamp.
 15006 | Lair:4   | Found a staircase to the Snake Pit.
 15345 | Lair:4   | Noticed a five-headed hydra
 15490 | Lair:1   | Learned a level 3 spell: Conjure Flame
 15732 | D:13     | Reached skill level 1 in Fire Magic
 15766 | D:13     | Noticed a centaur warrior
 15789 | D:13     | Killed a centaur warrior
 15789 | D:13     | Reached skill level 1 in Conjurations
 15982 | D:13     | Noticed a tengu warrior
 15986 | D:13     | Noticed a tengu warrior
 15986 | D:13     | Killed a tengu warrior
 15995 | D:13     | Killed a tengu warrior
 16001 | D:13     | Reached XP level 13. HP: 65/86 MP: 25/25
 16084 | D:13     | Reached skill level 17 in Bows
 16303 | D:13     | Found a gate to the Vaults.
 16809 | Lair:1   | Got a faintly glowing plate armour
 16820 | Lair:1   | Identified the +9 plate armour of Foolhardiness {Regen+} (You acquired it on level 1 of the Lair of Beasts)
 17003 | Orc:1    | Entered Level 1 of the Orcish Mines
 17305 | Orc:2    | Entered Level 2 of the Orcish Mines
 17305 | Orc:2    | Noticed Saint Roka
 17312 | Orc:2    | Noticed Erolcha
 17581 | Orc:2    | Killed Erolcha
 17883 | D:14     | HP: 3/86 [manticore (18)]
 17883 | D:14     | HP: 1/86 [manticore (2)]
 17883 | D:14     | Slain by a manticore

Vault maps used:
D:1:      scummos_arrival_simple_fountains, grunt_decor_cap
D:2:      grunt_decor_one_mirror
D:3:      gammafunk_temple_overflow_wave, okawaru_trees_2, lemuel_flame_loot_1
D:4:      old_standard_altar, first_bread, trog_wizard, uniq_edmund,
          uniq_sigmund, uniq_grinder
D:5:      serial_shops, shop
D:8:      minmay_pinched_square
D:9:      serial_shops, shop, uniq_prince_ribbit1
D:10:     minmay_lair_entry_lava, serial_shops, shop,
          nemelex_xobeh_ov_fountains_minmay, uniq_maurice
D:11:     hangedman_fish_farm
D:12:     david_orc_2, basic_loot_grate_trap, moated_statue
D:13:     david_vaults_2
D:14:     serial_shops, shop_statue, shop, kennysheep_little_box, shop, shop,
          minmay_staircase_statues_hall_small
Temple:   compressed_dpeg_circular_temple
Lair:1:   st_stairs_13, beast_lair_carwin_3
Lair:2:   zaba_antful_of_joy, serial_bayou_shore_b, grunt_megastairs_2
Lair:3:   nicolae_quartered_pool_super
Lair:4:   minmay_swamp_entry_wisps, minmay_snake_entry_guardpost_small,
          grunt_megastairs_3
Orc:2:    grunt_orc_cross, uniq_azrael, uniq_saint_roka, uniq_erolcha

Skill      XL: |  1  2  3  4  5  6  7  8  9 10 11 12 13 |
---------------+----------------------------------------+-----
Short Blades   | 1 2 3 4 5 6 7 9 |  9.3
Bows           | 6 7 8 9 10 11 13 14 16 17 | 17.7
Fighting       | 3 4 6 7 |  7.5
Dodging        | 3 5 7 8 |  8.6
Hexes          | 5 6 |  6.8
Spellcasting   | 4 6 7 8 |  8.0
Charms         | 4 7 |  7.3
Necromancy     | 2 |  2.0
Fire Magic     | 2 3 |  3.3
Conjurations   | 2 3 |  3.3
Stealth        | |  1.1

Action                   |  1- 3 |  4- 6 |  7- 9 | 10-12 | 13-15 || total
-------------------------+-------+-------+-------+-------+-------++-------
Melee: Short sword       |   116 |    82 |   339 |   431 |       ||   968
 Fire: Shortbow          |    45 |    39 |   196 |   352 |       ||   632
       Longbow           |       |       |       |   397 |   204 ||   601
Throw: Throwing net      |       |       |       |     1 |       ||     1
 Cast: Cause Fear        |       |       |       |     1 |     1 ||     2
       Regeneration      |       |       |       |       |     6 ||     6
       Haste             |       |       |       |       |     1 ||     1
Invok: Potion Petition   |       |     1 |       |     1 |       ||     2
Evoke: Wand              |       |       |     2 |     1 |       ||     3
  Use: Potion            |     2 |       |     1 |     7 |     1 ||    11
       Scroll            |     4 |     2 |     4 |    14 |     6 ||    30
 Stab: Sleeping          |       |       |     1 |     2 |       ||     3
       Distracted        |       |       |       |     1 |       ||     1
  Eat: Chunk             |     4 |     5 |       |       |       ||     9
       Bread ration      |       |       |     2 |     2 |     1 ||     5
       Meat ration       |       |       |     2 |     1 |       ||     3
       Fruit             |       |       |     1 |       |       ||     1
       Royal jelly       |       |       |       |     1 |       ||     1
       Beef jerky        |       |       |       |     3 |       ||     3
       Pizza             |       |       |       |     1 |     1 ||     2
Armor: Leather armour    |     7 |       |       |       |       ||     7
       Ring mail         |    37 |    30 |   137 |     6 |       ||   210
       Troll leather arm |       |       |       |   126 |    23 ||   149
Dodge: Dodged            |    81 |    56 |   207 |   375 |    72 ||   791
